 Dungeon Crawl Stone Soup version 0.20-a0-1033-g05abe66 (webtiles) character file.

1150 M4edhros the Sneak (level 8, 0/54 HPs)
             Began as an Octopode Artificer on Apr 21, 2017.
             Was a Priest of Okawaru.
             Slain by a sky beast (4 damage)
             ... on level 6 of the Dungeon.
             The game lasted 00:08:44 (6054 turns).

M4edhros the Sneak (Octopode Artificer)             Turns: 6054, Time: 00:08:45

Health: 0/54       AC:  1    Str: 11    XL:     8   Next: 38%
Magic:  3/3        EV: 16    Int: 13    God:    Okawaru [***...]
Gold:   332        SH:  0    Dex: 15    Spells: 7/7 levels left

rFire    . . .     SeeInvis .   h - +2 spear (antimagic)
rCold    . . .     Gourm    .   (no shield)
rNeg     . . .     Faith    +   (helmet restricted)
rPois    .         Spirit   .   y - amulet of faith
rElec    .         Reflect  .   u - ring of wizardry
rCorr    .         Harm     .   (no ring)
MR       .....                  (no ring)
Stlth    ++++......             (no ring)
Regen    0.2/turn               (no ring)
MPRegen  0.1/turn               (no ring)
                                (no ring)
                                (no ring)

@: no status effects
A: almost no armour, stealthy swim, amphibious, 8 rings, constrict 8, camouflage
1, gelatinous body 1
a: Heroism, Renounce Religion


You were on level 6 of the Dungeon.
You worshipped Okawaru.
Okawaru was most pleased with you.
You were not hungry.

You visited 1 branch of the dungeon, and saw 6 of its levels.

You collected 332 gold pieces.

Inventory:

Hand Weapons
 a - a +0 short sword
 h - a +2 antimagic spear (weapon)
 k - a +1 dagger of holy wrath
 v - a +4 quarterstaff of chaos
Jewellery
 m - an uncursed ring of ice
 u - a ring of wizardry (left tentacle)
 y - an amulet of faith (around mantle)
 L - an uncursed amulet of the gourmand {unknown}
Wands
 b - a wand of flame (3/48)
 c - a wand of enslavement (8/24)
 d - a wand of random effects (14/48)
 w - a wand of flame (30/48)
 z - a wand of flame (15/48)
 A - a wand of digging (9/24)
 B - a wand of random effects (29/48)
 D - a wand of polymorph (1/24)
 I - a wand of random effects (25/48)
Scrolls
 e - 2 scrolls of fear {unknown}
 g - 5 scrolls of recharging {unknown}
 i - a scroll of magic mapping {unknown}
 j - 7 scrolls of identify {unknown}
 l - 2 scrolls of enchant armour {unknown}
 p - 3 scrolls of teleportation {unknown}
 t - 4 scrolls of remove curse {unknown}
 F - a scroll of blinking {unknown}
Potions
 n - a potion of brilliance {unknown}
 o - 2 potions of berserk rage {unknown}
 q - a potion of lignification {unknown}
 r - a potion of curing {unknown}
 s - a potion of cancellation {unknown}
 C - 3 potions of agility
 E - a potion of haste {unknown}
 G - a potion of flight {unknown}
 H - a potion of heal wounds {unknown}
 K - a potion of mutation {unknown}
Comestibles
 f - 6 bread rations
 x - 3 meat rations
 J - 3 chunks of flesh


   Skills:
 + Level 4.0 Fighting
 - Level 1.0 Short Blades
 * Level 5.9 Polearms
 + Level 4.8 Dodging
 + Level 6.2 Stealth
 - Level 3.2 Evocations


You had 7 spell levels left.
You didn't know any spells.

Dungeon Overview and Level Annotations

Branches:
Dungeon (6/15)             Temple (0/1) D:5

Altars:
Dithmenos
Elyvilon
Gozag
Kikubaaqudgha
Okawaru
Qazlal
Uskayaw
Vehumet
Wu Jian
Xom
Zin

Annotations:
D:4 1 runed door


Innate Abilities, Weirdness & Mutations

You cannot wear most types of armour.
You are very stealthy in the water. (Stealth+)
You are amphibious.
You can wear up to eight rings at the same time.
You can use your tentacles to constrict eight enemies at once.
Your skin changes colour to match your surroundings (Stealth+).
Your rubbery body absorbs attacks. (AC +1, EV +1)


Message History

The sky beast is almost dead.
The sky beast hits you. The sky beast shocks you.
* * * LOW HITPOINT WARNING * * *
You barely miss the sky beast. Your squeeze misses the sky beast.
The sky beast is almost dead.
The sky beast completely misses you.
You hit the sky beast.
You squeeze the sky beast, but do no damage.
The sky beast is almost dead.
The sky beast hits you.
* * * LOW HITPOINT WARNING * * *
The sky beast shocks you.
* * * LOW HITPOINT WARNING * * *
Evoke which item? (* to show all) (? for menu, Esc to quit)
Aiming: Throw Flame
Press: ? - help, Shift-Dir - straight line, f/p - sky beast
Aim: a sky beast (almost dead)
The puff of flame misses the sky beast.
This wand has 3 charges left.
The sky beast hits you.
You die...

#.#######....###...##..
### ####..#....###.
#### #........#.. #..##
##.......... ###.###
##..........
##..######...........
##..#...............
##..............#..
##@#######......##.
#.Y# #......##. #..#
#......... #..#
#......... ###..#
.......... #...##
##...........
###..###.... #.......
##......# #...###.
#...#### ##.. ##


You could see a sky beast.

Vanquished Creatures
  An ogre (D:4)
  A centaur (D:5)
  5 bullfrogs (D:6)
  3 howler monkeys (D:4)
  A crimson imp (D:6)
  A bullfrog zombie (D:5)
  A hound (D:5)
  A jelly (D:4)
  Crazy Yiuf (D:2)
  Ijyb (D:3)
  Jessica (D:3)
  Natasha (D:3)
  4 worker ants (D:4)
  A hound skeleton (D:5)
  9 adders
  2 howler monkey skeletons (D:6)
  2 shadow imps
  5 worms
  A dart slug (D:4)
  3 leopard geckos
  12 orcs
  3 ball pythons
  11 bats
  8 giant cockroaches
  9 goblins
  4 hobgoblins
  4 jackals (D:3)
  6 kobolds
  4 quokkas
  10 frilled lizards
  A leopard gecko skeleton (D:6)
  9 rats
126 creatures vanquished.

Vanquished Creatures (others)
  A leopard gecko (D:3)
  A giant cockroach (D:3)
  A quokka (D:3)
3 creatures vanquished.

Grand Total: 129 creatures vanquished

Notes
Turn   | Place    | Note
-------+----------+-------------------------------------------
     0 | D:1      | M4edhros the Octopode Artificer began the quest for the Orb.
     0 | D:1      | Reached XP level 1. HP: 13/13 MP: 3/3
    32 | D:1      | Found an iron altar of Okawaru.
    48 | D:1      | Became a worshipper of Warmaster Okawaru
    94 | D:1      | Reached skill level 2 in Stealth
   138 | D:1      | Reached XP level 2. HP: 14/18 MP: 1/4
   442 | D:2      | Reached skill level 1 in Polearms
   442 | D:2      | Reached skill level 3 in Stealth
   442 | D:2      | Reached XP level 3. HP: 23/23 MP: 1/5
   592 | D:2      | Reached XP level 4. HP: 22/29 MP: 2/6
  1132 | D:2      | Found a runed door.
  1539 | D:2      | You fall through a shaft!
  1545 | D:3      | Noticed Natasha
  1549 | D:3      | Noticed Jessica
  1568 | D:3      | Reached XP level 5. HP: 14/34 MP: 2/7
  1582 | D:3      | Noticed Ijyb
  1602 | D:3      | Found a radiant altar of Vehumet.
  1912 | D:2      | Noticed Crazy Yiuf
  1954 | D:2      | Killed Crazy Yiuf
  2099 | D:3      | Reached skill level 4 in Stealth
  2140 | D:3      | Reached * piety under Okawaru
  2261 | D:3      | Noticed a hand axe
  2261 | D:3      | Noticed a dagger
  2262 | D:3      | Found a hide-covered altar of Uskayaw.
  2620 | D:3      | Killed Ijyb
  2628 | D:3      | Killed Natasha
  2628 | D:3      | Reached XP level 6. HP: 13/41 MP: 2/8
  2853 | D:3      | Found a stormy altar of Qazlal.
  2856 | D:3      | Found an ancient bone altar of Kikubaaqudgha.
  2886 | D:3      | Killed Jessica
  3333 | D:4      | Found a runed door.
  3333 | D:4      | Found a glowing silver altar of Zin.
  3333 | D:4      | Noticed an angel
  3557 | D:4      | Reached ** piety under Okawaru
  3557 | D:4      | Reached XP level 7. HP: 24/46 MP: 3/9
  3896 | D:4      | Reached skill level 5 in Stealth
  4210 | D:4      | Found a white marble altar of Elyvilon.
  4210 | D:4      | Found a shimmering altar of Xom.
  4211 | D:4      | Found a shadowy altar of Dithmenos.
  4250 | D:4      | Found an ornate altar of the Wu Jian Council.
  4348 | D:5      | Entered Level 5 of the Dungeon
  4377 | D:5      | Found an opulent altar of Gozag.
  4499 | D:5      | HP: 1/46 [centaur/enchanted shortbow (6)]
  5035 | D:5      | Found a staircase to the Ecumenical Temple.
  5357 | D:5      | Reached skill level 5 in Polearms
  5593 | D:6      | Reached XP level 8. HP: 54/54 MP: 3/10
  5603 | D:6      | Reached *** piety under Okawaru
  5797 | D:6      | Reached skill level 6 in Stealth
  6054 | D:6      | Slain by a sky beast

Vault maps used:
D:1:      dpeg_arrival_water_temple_mockup, okawaru_ov_weapons_minmay
D:2:      uniq_crazy_yiuf_cottage
D:3:      dancing_weapons_uskayaw, minitemple, fiery_altar_vehumet,
          uniq_jessica, uniq_natasha, uniq_ijyb
D:4:      gammafunk_temple_overflow_claw, kennysheep_mini, first_bread,
          lemuel_angel_altar
D:5:      minmay_temple_entry_glass, minmay_liquid_box, lemuel_statue_altar

Skill      XL: |  1  2  3  4  5  6  7  8 |
---------------+-------------------------+-----
Stealth        | 2 3 4 5 6 |  6.2
Polearms       | 1 2 3 4 5 |  5.9
Fighting       | 2 3 4 |  4.0
Dodging        | 3 4 |  4.8
Short Blades   | |  1.0
Evocations     | |  3.2

Action                   |  1- 3 |  4- 6 |  7- 9 || total
-------------------------+-------+-------+-------++-------
Melee: Spear             |    66 |   142 |   135 ||   343
       Tentacles         |     9 |    26 |    18 ||    53
       Constrict         |    12 |    26 |    25 ||    63
       Short sword       |     1 |       |       ||     1
Evoke: Wand              |       |    13 |     8 ||    21
  Use: Potion            |       |       |     1 ||     1
 Stab: Sleeping          |    10 |    14 |    15 ||    39
       Distracted        |       |     1 |       ||     1
  Eat: Chunk             |       |     8 |     4 ||    12
       Bread ration      |       |       |     1 ||     1
Armor: Skin              |     3 |    13 |     2 ||    18
Dodge: Dodged            |    30 |    60 |    69 ||   159
